 Dungeon Crawl Stone Soup version 0.30-a0-4-ga7cffc901d (webtiles) character file.

Game seed: 15504190168808383472

480 Setbun the Sneak (level 7, 0/40 HPs)
             Began as a Kobold Enchanter on Aug 20, 2022.
             Slain by an orc wizard
             ... wielding a +0 dagger
              (2 damage)
             ... on level 5 of the Dungeon.
             The game lasted 00:05:42 (6689 turns).

Setbun the Sneak (Kobold Enchanter)                 Turns: 6689, Time: 00:05:42

Health: 0/40       AC:  3    Str:  6    XL:     7   Next: 34%
Magic:  11/11      EV: 16    Int: 16    God:
Gold:   317        SH:  0    Dex: 17    Spells: 12/12 levels left

rFire   . . .      SeeInvis .    a - +1 dagger
rCold   . . .      Faith    .    (no shield)
rNeg    . . .      Spirit   .    b - +0 robe
rPois   .          Reflect  .    (no helmet)
rElec   .          Harm     .    i - +0 cloak
rCorr   +          Rampage  .    (no gloves)
Will    .....                    (no boots)
Stlth   ++........               s - amulet of the acrobat
HPRegen 0.13/turn                l - ring of resist corrosion
MPRegen 0.12/turn                (no ring)

@: confused, lethally poisoned (0 -> -15)
A: small, no large weapons, nightstalker 3
a: no special abilities


You were on level 5 of the Dungeon.
You visited 1 branch of the dungeon, and saw 5 of its levels.

You collected 317 gold pieces.

Inventory:

Hand Weapons
 a - a +1 dagger (weapon)
Missiles
 t - 2 throwing nets (quivered)
Armour
 b - a +0 robe (worn)
 i - a +0 cloak (worn)
Jewellery
 l - a ring of resist corrosion (left hand)
 s - an amulet of the acrobat (around neck)
Wands
 k - a wand of roots (8)
Scrolls
 f - 3 scrolls of teleportation {unknown}
 g - a scroll of fear {unknown}
 h - 3 scrolls of enchant armour {unknown}
 j - a scroll of silence {unknown}
 n - a scroll of enchant weapon {unknown}
 o - 3 scrolls of identify {unknown}
 r - a scroll of magic mapping {unknown}
Potions
 c - 2 potions of invisibility
 d - 3 potions of might {unknown}
 e - a potion of flight {unknown}
 m - 3 potions of haste {unknown}
 p - 2 potions of brilliance {unknown}
 q - a potion of cancellation {unknown}
 u - a potion of heal wounds {unknown}


   Skills:
 + Level 2.3 Fighting
 * Level 4.8 Short Blades
 + Level 3.7 Dodging
 * Level 6.5 Stealth
 + Level 3.2 Spellcasting
 + Level 3.9 Hexes


You had 12 spell levels left.
You didn't know any spells.
Your spell library contained the following spells:

 Spells                   Type           Power      Damage    Failure   Level
 Confusing Touch          Hex            15%        N/A       11%         3
 Tukima's Dance           Hex            15%        N/A       11%         3
 Ensorcelled Hibernation  Hex/Ice        18%        N/A       12%         2
 Dazzling Flash           Conj/Hex       18%        N/A       24%         3
 Iskenderun's Battlesphe  Conj           2%         2d6       99%         5
 Iron Shot                Conj/Erth      1%         9d1       100%        6
 Spellforged Servitor     Conj/Summ      1%         N/A       100%        7


Dungeon Overview and Level Annotations

Branches:
Dungeon (5/15)
 Temple: D:4-7

Altars:

Shops:
D:1 *


Innate Abilities, Weirdness & Mutations

You are small and have problems with some larger weapons.
You are completely attuned to the shadows.


Message History

You miss something. You hit something but do no damage. Something hits you.
You miss something. Something barely misses you.
You miss something. Something barely misses you.
You hit something but do no damage. Something hits you but does no damage.
You hit something. You hit something. Something hits you but does no damage.
The orc wizard shouts!
You hit something.
An orc wizard appears from thin air!
Reactivating autopickup.
The orc wizard completely misses you.
The orc wizard gestures wildly while chanting.
The orc wizard flickers and vanishes!
Deactivating autopickup; reactivate with Ctrl-A.
Something closely misses you.
You hit something.
The orc wizard hits you but does no damage.
Something hits you.
You are poisoned.
You hit something.
You feel very sick.
You hit something but do no damage.
You feel sick. The orc wizard barely misses you.
You hear some strange, mumbled words.
You are confused.
You completely miss something.
You feel sick.
The orc wizard hits you with a +0 dagger.
Something barely misses you.
The orc wizard attacks as you move away!
The orc wizard hits you with a +0 dagger.
* * * LOW HITPOINT WARNING * * *
You feel sick. Something hits you.
* * * LOW HITPOINT WARNING * * *
You are lethally poisoned!
You bump into the rock wall.
* * * LOW HITPOINT WARNING * * *
You feel very sick.
The orc wizard hits you with a +0 dagger.
You die...

#### #..# ## ####. #..#
..####... ##..#
##..#..# #..##
#......####..#.# .
#.......#@o....# ##.#
##..#.##<.{.....#
....###..#.###.........
###......#.# #..#####..
# #....#.## #.## #. #
#......# #.# ##
##.....# รท## #..)..#
).###....##


You could see an orc wizard.

Vanquished Creatures
  An ogre (D:4)
  A necrophage (D:4)
  2 hounds (D:4)
  2 iguanas
  2 orc wizards (D:3)
  7 adders
  An ufetubus (D:4)
  3 worms
  4 dart slugs
  5 orcs
  9 ball pythons
  5 endoplasms
  5 giant cockroaches
  A goblin (D:2)
  8 hobgoblins
  4 jackals
  5 quokkas
  6 bats
  3 frilled lizards
  6 kobolds
  8 rats
88 creatures vanquished.

Vanquished Creatures (others)
  12 plants (D:4)
12 creatures vanquished.

Grand Total: 100 creatures vanquished

Notes
Turn   | Place    | Note
-------+----------+-------------------------------------------
     0 | D:1      | Setbun the Kobold Enchanter began the quest for the Orb.
     0 | D:1      | Reached XP level 1. HP: 10/10 MP: 3/3
   372 | D:1      | Found Xihuad's Assorted Antiques.
   601 | D:1      | Reached XP level 2. HP: 15/15 MP: 5/5
   678 | D:1      | Found a faded altar of an unknown god.
  1362 | D:2      | Reached XP level 3. HP: 20/20 MP: 6/6
  2148 | D:2      | Reached XP level 4. HP: 18/24 MP: 7/7
  2359 | D:2      | Reached skill level 1 in Fighting
  2724 | D:3      | Reached skill level 5 in Stealth
  3634 | D:4      | Reached XP level 5. HP: 4/29 MP: 8/8
  4073 | D:4      | Noticed an ogre
  4107 | D:4      | Reached XP level 6. HP: 8/34 MP: 10/10
  4347 | D:4      | Killed an ogre
  4348 | D:4      | Reached skill level 6 in Stealth
  4971 | D:4      | HP: 1/35 [iguana (5)]
  4975 | D:4      | Reached XP level 7. HP: 1/40 MP: 11/11
  6355 | D:5      | Entered Level 5 of the Dungeon
  6689 | D:5      | HP: 2/40 [poisoned by an orc wizard]
  6689 | D:5      | Slain by an orc wizard

Illustrated notes

Levels and vault maps discovered:
D:1:      roderic_dead_forest, layout_basic, basic_ecumenical_altar,
          serial_shops, shop
D:2:      minmay_diamond_boxcup, layout_loops_ring
D:3:      layout_basic, st_stairs_4, minmay_quadrilaterals
D:4:      layout_loops_ring, st_stairs_12, minivault_19, chequers_big_river
D:5:      layout_layer_cave, minivault_19

Skill      XL: |  1  2  3  4  5  6 |
---------------+-------------------+-----
Short Blades   | 2 3 4 |  4.8
Fighting       | 1 2 |  2.3
Stealth        | 5 6 |  6.5
Dodging        | 3 |  3.7
Spellcasting   | 3 |  3.2
Hexes          | |  3.9

Action                   |  1- 3 |  4- 6 |  7- 9 || total
-------------------------+-------+-------+-------++-------
Melee: Dagger            |    96 |   193 |   108 ||   397
       Punch             |     1 |     3 |     3 ||     7
 Stab: Sleeping          |    16 |    28 |     2 ||    46
Armor: Robe              |    11 |    22 |    18 ||    51
Dodge: Dodged            |    54 |   105 |    80 ||   239

Table legend: (Time is in decaauts)
 A = Elapsed time spent in this place.
 B = Non-inter-level travel time spent in this place.
 C = Inter-level travel time spent in this place.
 D = Time resting spent in this place.
 E = Time spent auto-exploring this place.
 F = Levels seen in this place.
 G = Mean time per level.
                   A        B        C        D        E       F      G
               +--------+--------+--------+--------+--------+-----+--------+
         Total |   6639 |   6341 |    298 |   1838 |   3654 |   5 | 1327.8 |
       Dungeon |   6639 |   6341 |    298 |   1838 |   3654 |   5 | 1327.8 |
               +--------+--------+--------+--------+--------+-----+--------+

Top non-repeatable levels by time:
     D:4: 2170 daAuts
     D:3: 1658 daAuts
     D:1: 1319 daAuts
     D:2: 1177 daAuts
     D:5: 314 daAuts
